 Dungeon Crawl Stone Soup version 0.31-a0-188-g5e087ee2ca (webtiles) character file.

Game seed: 6548406850832323014

772 qw the Skirmisher (level 7, 0/40 HPs)
             Began as a Deep Elf Hunter on June 23, 2023.
             Slain by a gnoll
             ... wielding a +0 spear
             ... led by a gnoll sergeant
              (5 damage)
             ... on level 5 of the Dungeon.
             The game lasted 00:02:23 (4175 turns).

qw the Skirmisher (Deep Elf Hunter)                 Turns: 4175, Time: 00:02:24

Health: 0/40       AC: 11    Str: 10    XL:     7   Next: 53%
Magic:  9/9        EV: 12    Int: 14    God:
Gold:   336        SH:  0    Dex: 21    Spells: 6/6 levels left

rFire   . . .        f - +2 sling "Vaumnan" {freeze, rElec rN+ Dex+3}
rCold   . . .        (no shield)
rNeg    + . .        g - +1 ring mail
rPois   .            b - +0 helmet
rElec   +            (no cloak)
rCorr   .            (no gloves)
SInv    .            (no boots)
Will    .....        (no amulet)
Stlth   +            a - +4 ring of protection
HPRegen 0.26/turn    (no ring)
MPRegen 0.11/turn

%: no passive effects
@: no status effects
A: no striking features
a: no special abilities


You were on level 5 of the Dungeon.
You visited 1 branch of the dungeon, and saw 5 of its levels.
You also visited: Sewer.

You collected 336 gold pieces.


   Skills:
 - Level 2.3 Fighting
 + Level 11.0 Ranged Weapons
 - Level 1.0 Armour
 - Level 4.3 Dodging
 - Level 1.2 Stealth


You had 6 spell levels left.
You didn't know any spells.
Your spell library was empty.

Inventory:

Hand Weapons
 f - the +2 sling "Vaumnan" (weapon) {freeze, rElec rN+ Dex+3}
   (You found it on level 2 of the Dungeon)

   Dex:       It affects your dexterity (+3).
   rElec:     It insulates you from electricity.
   rN:        It protects you from negative energy.
Armour
 b - a +0 helmet (worn)
 g - a +1 ring mail (worn)
 i - a +0 pair of gloves
Jewellery
 a - a +4 ring of protection (left hand)
Wands
 c - a wand of digging (3)
Scrolls
 h - a scroll of vulnerability {unknown}
 l - a scroll of identify
Potions
 d - a potion of curing
 m - a potion of resistance {unknown}
 n - a potion of haste
 o - a potion of lignification {unknown}

Dungeon Overview and Level Annotations

Branches:
Dungeon (5/15)              Sewer (visited)
 Temple: D:4-7

Altars:
Uskayaw
Wu Jian
Zin


Message History

The gnoll sergeant is heavily wounded.
The gnoll hits you from afar with a +0 spear.
The gnoll sergeant closely misses you.
You shoot a sling bullet.
The sling bullet hits the gnoll sergeant but does no damage.
The gnoll sergeant is heavily wounded.
The gnoll misses you.
The gnoll sergeant hits you from afar with a +0 trident.
You shoot a sling bullet.
The sling bullet hits the gnoll sergeant!
The sling bullet freezes the gnoll sergeant.
The gnoll sergeant is almost dead.
The gnoll hits you but does no damage.
The gnoll sergeant hits you but does no damage.
You shoot a sling bullet.
The sling bullet hits the gnoll sergeant but does no damage.
The gnoll sergeant is almost dead.
The gnoll barely misses you.
The gnoll sergeant hits you from afar with a +0 trident.
You shoot a sling bullet.
The sling bullet barely misses the gnoll sergeant.
The gnoll hits you from afar with a +0 spear.
The gnoll sergeant barely misses you.
You shoot a sling bullet.
The sling bullet hits the gnoll sergeant.
The sling bullet freezes the gnoll sergeant.
The gnoll sergeant is almost dead.
The gnoll closely misses you.
The gnoll sergeant hits you but does no damage.
You shoot a sling bullet.
The sling bullet hits the gnoll sergeant.
The sling bullet freezes the gnoll sergeant.
You kill the gnoll sergeant!
The gnoll barely misses you.
Your Dodging skill increases to level 4!
You shoot a sling bullet.
The sling bullet barely misses the gnoll.
The gnoll misses you.
The gnoll hits you from afar with a +0 spear.
You die...

......##.... . #...........
. #. #............... #..
#..........#...# #...
#..........#.... #....
#..........#....
#....)###..........##...
.....g)@.......(........
......###.........#.....
..... ##.........#.....
###########..........###...
#....................# #...
#..............###...# #...
#..............# #...###...
#...##....#....###...##....
#...##...........#...##....


You could see a gnoll.

Vanquished Creatures
  A kobold brigand (D:5)
  2 bullfrogs (Sewer)
  A gnoll sergeant (D:5)
  2 jellies
  4 iguanas (D:4)
  A sleepcap (D:3)
  An orc wizard (D:5)
  Robin (D:4)
  2 gnolls (D:5)
  9 adders
  2 river rats (D:3)
  A worm (D:2)
  6 dart slugs
  10 orcs
  14 endoplasms
  11 giant cockroaches
  11 goblins
  12 hobgoblins
  17 kobolds
  10 quokkas
  15 ball pythons
  2 bats (D:2)
  7 frilled lizards
  9 rats
151 creatures vanquished.

Notes
Turn   | Place    | Note
-------+----------+-------------------------------------------
     0 | D:1      | qw the Deep Elf Hunter began the quest for the Orb.
     0 | D:1      | Reached XP level 1. HP: 12/12 MP: 3/3
     0 | D:1      | 0 ||| qw: Version: 0.3-a-9-g12657ce
     0 | D:1      | 0 ||| qw: Game counter: 3842
     0 | D:1      | 0 ||| qw: Always use a shield: true
     0 | D:1      | 0 ||| qw: God list: Okawaru
     0 | D:1      | 0 ||| qw: Allow faded altars: false
     0 | D:1      | 0 ||| qw: Do Orc after D:15 true
     0 | D:1      | 0 ||| qw: Do second Lair branch before Depths: true
     0 | D:1      | 0 ||| qw: Lair rune preference: random
     0 | D:1      | 0 ||| qw: Plans: Normal
     0 | D:1      | 0 ||| PLANNING D:1-11
   196 | D:1      | Reached XP level 2. HP: 16/16 MP: 4/4
   254 | D:1      | Reached skill level 6 in Ranged Weapons
   314 | D:1      | 314 ||| FLEEEEING.
   315 | D:1      | 315 ||| FLEEEEING.
   316 | D:1      | 316 ||| FLEEEEING.
   317 | D:1      | 317 ||| FLEEEEING.
   318 | D:1      | 318 ||| FLEEEEING.
   319 | D:1      | 319 ||| FLEEEEING.
   320 | D:1      | 320 ||| FLEEEEING.
   321 | D:1      | 321 ||| FLEEEEING.
   322 | D:1      | 322 ||| FLEEEEING.
   323 | D:1      | 323 ||| FLEEEEING.
   324 | D:1      | 324 ||| FLEEEEING.
   325 | D:1      | 325 ||| FLEEEEING.
   535 | D:1      | 535 ||| READING scroll labelled BAUXTO WIQASEI.
   536 | D:1      | 536 ||| READING scroll labelled VISCHU NIECVAM.
   637 | D:1      | 637 ||| READING scroll labelled TAEGYMP WADGHYOM.
   638 | D:1      | 638 ||| DRINKING 2 fuming red potions.
   639 | D:1      | 639 ||| DROPPING scroll of butterflies.
   651 | D:2      | 651 ||| STAIRDANCE
   814 | D:2      | Reached XP level 3. HP: 20/20 MP: 5/5
   906 | D:2      | 906 ||| FLEEEEING.
   949 | D:2      | Reached skill level 7 in Ranged Weapons
  1289 | D:2      | Identified the +2 sling "Vaumnan" {freeze, rElec rN+ Dex+3}
  1291 | D:2      | 1291 ||| SWAPPING to +2 sling "Vaumnan" {freeze, rElec rN+
                  | Dex+3}.
  1292 | D:2      | 1292 ||| DROPPING +0 shortbow.
  1355 | D:2      | 1355 ||| UPGRADING to +4 ring of protection.
  1384 | D:3      | 1384 ||| PLANNING SEWER
  1414 | D:3      | Reached XP level 4. HP: 25/25 MP: 6/6
  1684 | D:3      | Found an ornate altar of the Wu Jian Council.
  1888 | D:3      | 1888 ||| Stepping ~*~*~tactically~*~*~ (water).
  1890 | D:3      | 1890 ||| Stepping ~*~*~tactically~*~*~ (water).
  1899 | D:3      | Reached skill level 3 in Dodging
  1926 | D:3      | Found a glowing drain.
  1927 | D:3      | 1927 ||| UPGRADING to +0 ring mail.
  1937 | D:3      | 1937 ||| DROPPING +0 leather armour.
  1938 | D:3      | 1938 ||| READING scroll of enchant armour.
  1938 | D:3      | 1938 ||| ENCHANTING +0 ring mail.
  1939 | D:3      | 1939 ||| READING scroll labelled CAEQENT VEMIUPN.
  1940 | D:3      | 1940 ||| READING scroll labelled BYWKI OCYISIWN.
  1941 | D:3      | 1941 ||| READING scroll labelled ASONLI QOITA.
  1942 | D:3      | 1942 ||| DRINKING 2 smoky amethyst potions.
  1948 | Sewer    | Entered a sewer
  1966 | Sewer    | 1966 ||| Stepping ~*~*~tactically~*~*~ (water).
  2006 | Sewer    | 2006 ||| Stepping ~*~*~tactically~*~*~ (water).
  2016 | Sewer    | 2016 ||| Stepping ~*~*~tactically~*~*~ (water).
  2055 | Sewer    | Reached skill level 8 in Ranged Weapons
  2065 | Sewer    | 2065 ||| Stepping ~*~*~tactically~*~*~ (water).
  2068 | Sewer    | 2068 ||| Stepping ~*~*~tactically~*~*~ (water).
  2082 | Sewer    | Reached XP level 5. HP: 20/29 MP: 7/7
  2155 | Sewer    | 2155 ||| Stepping ~*~*~tactically~*~*~ (water).
  2172 | Sewer    | 2172 ||| Stepping ~*~*~tactically~*~*~ (water).
  2184 | Sewer    | 2184 ||| Stepping ~*~*~tactically~*~*~ (water).
  2186 | Sewer    | 2186 ||| Stepping ~*~*~tactically~*~*~ (water).
  2191 | Sewer    | 2191 ||| Stepping ~*~*~tactically~*~*~ (water).
  2207 | Sewer    | 2207 ||| Stepping ~*~*~tactically~*~*~ (water).
  2247 | Sewer    | 2247 ||| Stepping ~*~*~tactically~*~*~ (water).
  2249 | Sewer    | 2249 ||| Stepping ~*~*~tactically~*~*~ (water).
  2251 | Sewer    | 2251 ||| Stepping ~*~*~tactically~*~*~ (water).
  2256 | Sewer    | 2256 ||| Stepping ~*~*~tactically~*~*~ (water).
  2273 | Sewer    | Reached skill level 9 in Ranged Weapons
  2276 | Sewer    | Reached XP level 6. HP: 28/36 MP: 8/8
  2317 | Sewer    | 2317 ||| READING scroll labelled QUTUYG GUWETAEL.
  2322 | Sewer    | 2322 ||| READING scroll labelled DEFALES PEKIE.
  2377 | Sewer    | 2377 ||| READING 2 scrolls of identify.
  2377 | Sewer    | 2377 ||| IDENTIFYING golden potion
  2382 | D:3      | 2382 ||| PLANNING D:1-11
  2564 | D:3      | 2564 ||| Stepping randomly (stuck).
  2580 | D:4      | 2580 ||| STAIRDANCE
  2766 | D:4      | Found a hide-covered altar of Uskayaw.
  2816 | D:4      | Found a glowing silver altar of Zin.
  2933 | D:4      | HP: 7/36 [poisoned by a kobold brigand (curare-tipped
                  | dart)]
  2934 | D:4      | 2934 ||| READING scroll of teleportation.
  2935 | D:4      | 2935 ||| DRINKING potion of heal wounds.
  3040 | D:4      | Reached skill level 10 in Ranged Weapons
  3047 | D:4      | Noticed Robin
  3060 | D:4      | Killed Robin
  3080 | D:4      | 3080 ||| FLEEEEING.
  3081 | D:4      | 3081 ||| FLEEEEING.
  3082 | D:4      | 3082 ||| FLEEEEING.
  3083 | D:4      | 3083 ||| FLEEEEING.
  3084 | D:4      | 3084 ||| FLEEEEING.
  3085 | D:4      | 3085 ||| FLEEEEING.
  3086 | D:4      | 3086 ||| FLEEEEING.
  3087 | D:4      | 3087 ||| FLEEEEING.
  3088 | D:4      | 3088 ||| FLEEEEING.
  3090 | D:4      | 3090 ||| STAIRDANCE
  3284 | D:4      | Reached XP level 7. HP: 40/40 MP: 9/9
  3723 | D:4      | 3723 ||| UPGRADING to +0 helmet.
  3728 | D:4      | 3728 ||| READING 2 scrolls of identify.
  3728 | D:4      | 3728 ||| IDENTIFYING bubbling brown potion
  3729 | D:4      | 3729 ||| DROPPING potion of brilliance.
  3788 | D:5      | Entered Level 5 of the Dungeon
  3841 | D:5      | 3841 ||| Stepping ~*~*~tactically~*~*~ (outnumbered).
  3843 | D:5      | 3843 ||| Stepping ~*~*~tactically~*~*~ (outnumbered).
  3844 | D:5      | 3844 ||| Stepping ~*~*~tactically~*~*~ (outnumbered).
  3846 | D:5      | Reached skill level 1 in Armour
  3858 | D:5      | Reached skill level 11 in Ranged Weapons
  4162 | D:5      | HP: 1/40 [gnoll sergeant/+0 trident (11)]
  4163 | D:5      | 4163 ||| DRINKING potion of heal wounds.
  4169 | D:5      | HP: 8/40 [gnoll sergeant/+0 trident (6)]
  4175 | D:5      | Slain by a gnoll

Levels and vault maps discovered:
D:1:      dpeg_arrival_another_circle, layout_basic
D:2:      layout_basic, st_stairs_11, kennysheep_generic_room_14
D:3:      layout_rooms, mainiacjoe_overflow_alcove_2, gup_sewer_entry_bubbles
D:4:      cheibrodos_thug_alley, layout_loops_corners,
          mainiacjoe_overflow_six_doors_small,
          mainiacjoe_overflow_surrounded_room, uniq_robin
D:5:      layout_basic, grunt_temple_overflow_lords_of_destruction,
          mrwooster_statue_mirror

Skill      XL: |  1  2  3  4  5  6  7 |
---------------+----------------------+-----
Ranged Weapons | 6 7 8 9 10 11 | 11.0
Dodging        | 3 4 |  4.3
Fighting       | 2 |  2.3
Armour         | 1 |  1.0
Stealth        | |  1.2

Action                     |  1- 3 |  4- 6 |  7- 9 || total
---------------------------+-------+-------+-------++-------
   Fire: Shortbow          |   105 |       |       ||   105
         Sling             |     5 |   221 |    69 ||   295
    Use: Scroll            |     3 |     8 |     1 ||    12
         Potion            |     1 |     2 |     1 ||     4
 Armour: Leather armour    |     6 |       |       ||     6
         Ring mail         |       |    52 |    21 ||    73
  Dodge: Dodged            |    21 |    62 |    35 ||   118

Table legend:
 A = Non-vault XP
 B = Vault XP
 C = Vault XP percentage of total XP
 D = Non-vault monster count
 E = Vault monster count
 F = Vault count percentage of total count
                 A         B        C        D         E       F
            +---------+---------+-------+---------+---------+-------
      Total |     665 |     439 |  39.8 |      77 |      74 |  49.0
            +---------+---------+-------+---------+---------+-------
        D:1 |      38 |       0 |   0.0 |      20 |       0 |   0.0
        D:2 |      37 |      21 |  36.2 |      17 |       5 |  22.7
        D:3 |      46 |      30 |  39.5 |       5 |       5 |  50.0
        D:4 |     227 |      48 |  17.5 |      21 |      21 |  50.0
        D:5 |     317 |       0 |   0.0 |      14 |       0 |   0.0
      Sewer |       0 |     340 | 100.0 |       0 |      43 | 100.0
            +---------+---------+-------+---------+---------+-------
